 Dungeon Crawl Stone Soup version 0.22-a0-396-g3f858e3 (webtiles) character file.

269 iamserjio the Magician (level 6, -3/32 HPs)
             Began as a Deep Elf Wizard on May 3, 2018.
             Slain by a mummy (18 damage)
             ... in an ossuary.
             The game lasted 00:11:28 (3681 turns).

iamserjio the Magician (Deep Elf Wizard)            Turns: 3681, Time: 00:11:29

Health: -3/32      AC:  2    Str:  4    XL:     6   Next: 1%
Magic:  0/17       EV: 13    Int: 25    God:
Gold:   142        SH:  0    Dex: 13    Spells: 6/17 levels left

rFire    . . .     SeeInvis .   c - +0 club
rCold    + . .     Gourm    .   (no shield)
rNeg     . . .     Faith    .   a - +0 robe
rPois    .         Spirit   .   b - +0 hat
rElec    .         Reflect  .   (no cloak)
rCorr    .         Harm     .   (no gloves)
MR       .....                  (no boots)
Stlth    ++........             (no amulet)
HPRegen  0.10/turn              g - ring of protection from cold
MPRegen  0.15/turn              (no ring)

@: no status effects
A: no striking features
a: no special abilities


You were in an ossuary.
You were very hungry.

You visited 1 branch of the dungeon, and saw 4 of its levels.
You also visited: Ossuary.

You collected 142 gold pieces.

Inventory:

Hand Weapons
 c - a +0 club (weapon)
 q - a cursed -3 dagger
Armour
 a - a +0 robe (worn)
 b - a +0 hat (worn)
 j - a +1 cloak
 k - a +1 robe of magic resistance
 l - a cursed +0 leather armour
Jewellery
 g - a ring of protection from cold (left hand)
 i - an uncursed ring of positive energy {unknown}
 n - an uncursed ring of poison resistance {unknown}
Scrolls
 h - 2 scrolls of teleportation
Potions
 e - 2 potions of mutation
 m - a potion of curing
 o - a potion of might {unknown}
Comestibles
 d - 7 rations


   Skills:
 - Level 2.4 Dodging
 - Level 2.4 Stealth
 + Level 6.3 Spellcasting
 * Level 5.4 Conjurations
 - Level 1.1 Summonings
 - Level 1.1 Translocations


You had 6 spell levels left.
You knew the following spells:

 Your Spells              Type           Power        Failure   Level  Hunger
a - Magic Dart            Conj           ####         1%          1    None
b - Call Imp              Summ           ##......     7%          2    None
c - Blink                 Tloc           N/A          7%          2    None
d - Conjure Flame         Conj/Fire      ###.....     7%          3    None
e - Mephitic Cloud        Conj/Pois/Air  ###.....     11%         3    None


Dungeon Overview and Level Annotations

Branches:
Dungeon (4/15)
 Temple: D:4-7

Altars:
Elyvilon
Xom
The Shining One


Message History

t - Shout!
Orders for allies: a - Attack new target. p - Attack previous target. r - Retreat! s - Stop attacking. g - Guard the area. f - Follow me.
Anything else - Cancel.
Gang up on whom?
Press: ? - help, Dir - move target cursor, f/p - mummy
Aim: a mummy (almost destroyed) Attack!
You feel better.
Casting: Magic Dart (safe; 1% risk of failure)
Confirm with . or Enter, or press ? or * to list all spells.
Aiming: Magic Dart (safe; 1% risk of failure)
Press: ? - help, Shift-Dir - straight line, f/p - mummy
Aim: a mummy (almost destroyed)
The magic dart hits the mummy.
The mummy is almost destroyed.
The mummy hits you!!
Ouch! That really hurt!
You die...

#....#
#....#
#....#
#....#
#....#
#5...#
#.5..#
#.M..#
#.@∩.#
######


You could see a mummy, a friendly crimson imp and a friendly white imp.

Vanquished Creatures
  A bullfrog (D:3)
  A hound (D:2)
  A centaur skeleton (D:4)
  8 adders
  An ooze (D:3)
  5 worms
  A dart slug (D:2)
  3 leopard geckos
  An orc (D:4)
  A giant cockroach (D:2)
  2 gnoll zombies (Ossuary)
  8 goblins
  A hobgoblin (D:2)
  3 kobolds
  A ball python (D:3)
  7 bats
  A frilled lizard (D:3)
  2 hobgoblin zombies (Ossuary)
  2 kobold zombies (Ossuary)
  4 rats
54 creatures vanquished.

Vanquished Creatures (collateral kills)
  A mummy (Ossuary)
1 creature vanquished.

Grand Total: 55 creatures vanquished

Notes
Turn   | Place    | Note
-------+----------+-------------------------------------------
     0 | D:1      | iamserjio the Deep Elf Wizard began the quest for the Orb.
     0 | D:1      | Reached XP level 1. HP: 10/10 MP: 7/7
   218 | D:1      | Reached XP level 2. HP: 15/15 MP: 4/9
   766 | D:2      | Learned a level 2 spell: Call Imp
   769 | D:2      | Learned a level 2 spell: Blink
  1398 | D:2      | Reached XP level 3. HP: 19/19 MP: 8/11
  1437 | D:2      | Reached skill level 5 in Spellcasting
  1488 | D:2      | Reached XP level 4. HP: 7/24 MP: 1/13
  1835 | D:2      | Found a glowing golden altar of the Shining One.
  2201 | D:3      | Found a white marble altar of Elyvilon.
  2313 | D:3      | Learned a level 3 spell: Conjure Flame
  2317 | D:3      | Learned a level 3 spell: Mephitic Cloud
  2563 | D:3      | Reached XP level 5. HP: 28/28 MP: 13/15
  2718 | D:3      | Found a shimmering altar of Xom.
  2897 | D:3      | Reached skill level 6 in Spellcasting
  2897 | D:3      | Reached skill level 5 in Conjurations
  3444 | D:4      | Found a sand-covered staircase.
  3453 | Ossuary  | Entered an ossuary
  3678 | Ossuary  | Reached XP level 6. HP: 7/32 MP: 0/17
  3681 | Ossuary  | Slain by a mummy

Vault maps used:
D:1:      dpeg_arrival_leaves_temple_mockup
D:2:      tso_metal_star, first_ration, minmay_tripent
D:3:      xom_teletrap_fun, old_standard_altar, saegor_snake_ambush
D:4:      nicolae_overflow_crystal_walls, kennysheep_mini, serial_shops,
          kennysheep_little_box, enter_ossuary_3
Ossuary:  ossuary_tomb_3

Skill      XL: |  1  2  3  4  5 |
---------------+----------------+-----
Conjurations   | 2 3 4 5 |  5.4
Spellcasting   | 5 6 |  6.3
Dodging        | |  2.4
Stealth        | |  2.4
Summonings     | |  1.1
Translocations | |  1.1

Action                   |  1- 3 |  4- 6 || total
-------------------------+-------+-------++-------
Melee: Club              |     8 |    16 ||    24
 Cast: Magic Dart        |    66 |    86 ||   152
       Conjure Flame     |       |     5 ||     5
       Call Imp          |       |     3 ||     3
       Blink             |       |     2 ||     2
  Use: Scroll            |     3 |     3 ||     6
       Potion            |     1 |     2 ||     3
  Eat: Chunk             |     1 |     6 ||     7
Armor: Robe              |    10 |     3 ||    13
       Skin              |    17 |     8 ||    25
Dodge: Dodged            |    22 |    17 ||    39

Table legend:
 A = Spawn XP
 B = Non-spawn XP
 C = Spawn XP percentage of total XP
 D = Spawn monster count
 E = Non-spawn monster count
 F = Spawn count percentage of total count
 G = Total turns spent on level
                    A         B        C        D         E        F      G
               +---------+---------+-------+---------+---------+-------+---------
         Total |       0 |     385 |   0.0 |       0 |      55 |   0.0 |  3681
               +---------+---------+-------+---------+---------+-------+---------
           D:1 |       0 |      13 |   0.0 |       0 |       9 |   0.0 |   942
           D:2 |       0 |     107 |   0.0 |       0 |      16 |   0.0 |  1183
           D:3 |       0 |     201 |   0.0 |       0 |      21 |   0.0 |  1227
           D:4 |       0 |      43 |   0.0 |       0 |       2 |   0.0 |   101
       Ossuary |       0 |      21 |   0.0 |       0 |       7 |   0.0 |   228
               +---------+---------+-------+---------+---------+-------+---------
